 Dungeon Crawl Stone Soup version 0.29-a0-90-gc37658a0fe (webtiles) character file.

Game seed: 8154204088799144912

55 lordive the Grasshopper (level 3, -10/36 HPs)
             Began as an Ogre Warper on Feb 7, 2022.
             Mangled by a gnoll (12 damage)
             ... on level 3 of the Dungeon.
             The game lasted 00:02:47 (2702 turns).

lordive the Grasshopper (Ogre Warper)               Turns: 2702, Time: 00:02:47

Health: -10/36     AC:  3    Str: 14 (15) XL:     3   Next: 93%
Magic:  6/6        EV:  9    Int: 14 (16) God:
Gold:   60         SH:  0    Dex:  5 (8)  Spells: 7/7 levels left

rFire   . . .      SeeInvis .   a - +0 mace
rCold   . . .      Faith    .   (no shield)
rNeg    . . .      Spirit   .   b - +0 robe
rPois   .          Reflect  .   (helmet restricted)
rElec   .          Harm     .   (no cloak)
rCorr   .          Rampage  .   (gloves unavailable)
Will    .....                   (boots unavailable)
Stlth   +.........              (no amulet)
HPRegen 0.12/turn               (no ring)
MPRegen 0.10/turn               (no ring)

@: mighty
A: large, unfitting armour, tough skin 1
a: no special abilities


You were on level 3 of the Dungeon.
You visited 1 branch of the dungeon, and saw 3 of its levels.

You collected 60 gold pieces.

Inventory:

Hand Weapons
 a - a +0 mace (weapon)
Armour
 b - a +0 robe (worn)
Scrolls
 c - 2 scrolls of blinking
 f - 2 scrolls of fog {unknown}
 g - 2 scrolls of immolation {unknown}
 h - a scroll of vulnerability {unknown}
 i - a scroll of teleportation {unknown}
 k - a scroll of noise {unknown}
Potions
 j - a potion of might
 l - a potion of haste {unknown}
 m - a potion of berserk rage {unknown}


   Skills:
 + Level 2.9 Fighting
 + Level 2.6 Maces & Flails
 + Level 1.0 Throwing
 + Level 2.5 Dodging
 + Level 0.1 Stealth
 + Level 2.6 Spellcasting
 * Level 3.2 Translocations


You had 7 spell levels left.
You didn't know any spells.
Your spell library contained the following spells:

 Spells                   Type           Power      Damage    Failure   Level
 Blink                    Tloc           20%        N/A       9%          2
 Gell's Gravitas          Tloc           10%        N/A       19%         3
 Lesser Beckoning         Tloc           10%        N/A       19%         3
 Teleport Other           Tloc           10%        N/A       19%         3
 Manifold Assault         Tloc           10%        N/A       86%         5


Dungeon Overview and Level Annotations

Branches:
Dungeon (3/15)

Altars:

Shops:
D:1 :


Innate Abilities, Weirdness & Mutations

You are too large for most types of armour.
You have tough skin. (AC +1)


Message History

The boomerang of dispersal hits the gnoll but does no damage.
Unknown command.
You barely miss the gnoll. The gnoll barely misses you.
The gnoll hits you with a +0 club!
* * * LOW HITPOINT WARNING * * *
You hit the gnoll.
The gnoll is lightly wounded.
Throw: 3 boomerangs (disperse)
Press: ? - help, Q - select action Shift-Dir - straight line, f/p - gnoll
Aim: a gnoll, wielding a +0 club (lightly wounded, 58% to hit)
You throw a boomerang of dispersal.
The boomerang of dispersal barely misses the gnoll.
The boomerang of dispersal hits the gnoll.
The gnoll blinks!
The gnoll is heavily wounded.
Unknown command.
Throw: 2 boomerangs (disperse)
Press: ? - help, Q - select action Shift-Dir - straight line, f/p - gnoll
Aim: a gnoll, wielding a +0 club (heavily wounded, 58% to hit)
You throw a boomerang of dispersal.
The boomerang of dispersal closely misses the gnoll.
The boomerang of dispersal hits the gnoll.
The gnoll blinks!
The gnoll completely misses you. The gnoll hits you with a +0 flail.
* * * LOW HITPOINT WARNING * * *
Unknown command.
Throw: boomerang (disperse)
Press: ? - help, Q - select action Shift-Dir - straight line, f - gnoll
Aim: a gnoll, wielding a +0 flail (moderately wounded, 58% to hit)
You throw a boomerang of dispersal.
The boomerang of dispersal hits the gnoll.
The gnoll blinks!
The gnoll is heavily wounded.
It was a potion of degeneration.
There was something very wrong with that liquid.
You feel weakened.
You feel dopey.
You feel clumsy.
It was a potion of might.
You feel very mighty all of a sudden. The gnoll hits you with a +0 flail!
You die...

########
#.@g.<.#
#.###..#
#. #..# #.
..... #.
...... #.
.........
#.
......###
#.........


You could see a gnoll.

Vanquished Creatures
  An adder (D:2)
  A worm (D:2)
  2 dart slugs (D:1)
  5 ball pythons
  4 bats (D:1)
  3 endoplasms
  3 hobgoblins (D:1)
  A jackal (D:2)
  4 kobolds
  3 quokkas
  A frilled lizard (D:2)
  2 goblins (D:1)
  5 rats
35 creatures vanquished.

Vanquished Creatures (others)
  3 plants (D:2)
3 creatures vanquished.

Grand Total: 38 creatures vanquished

Notes
Turn   | Place    | Note
-------+----------+-------------------------------------------
     0 | D:1      | lordive the Ogre Warper began the quest for the Orb.
     0 | D:1      | Reached XP level 1. HP: 22/22 MP: 3/3
   137 | D:1      | Reached XP level 2. HP: 24/29 MP: 5/5
   621 | D:1      | Found Veck's Book Shop.
   731 | D:1      | Reached skill level 3 in Translocations
   747 | D:1      | Found a faded altar of an unknown god.
   924 | D:1      | Reached XP level 3. HP: 36/36 MP: 6/6
  2699 | D:3      | HP: 1/36 [gnoll (6)]
  2702 | D:3      | Mangled by a gnoll

Illustrated notes

Levels and vault maps discovered:
D:1:      heliophobic_arrival_glass_houses, layout_loops_ring, serial_shops,
          shop, hellmonk_ecumenical_altar_zigzags, grunt_decor_one_mirror,
          chequers_arboretum, grunt_decor_junction, minmay_tiny_reverse_x
D:2:      cheibrodos_old_hovel, layout_loops_corners, minmay_misc_feat_rows
D:3:      layout_basic, uniq_sigmund

Skill      XL: |  1  2 |
---------------+-------+-----
Maces & Flails | 2 |  2.6
Translocations | 3 |  3.2
Fighting       | |  2.9
Throwing       | |  1.0
Dodging        | |  2.5
Stealth        | |  0.1
Spellcasting   | |  2.6

Action                   || total
-------------------------++-------
Melee: Mace              ||   136
       Punch             ||     2
Throw: Boomerang         ||     5
  Use: Potion            ||     2
Armor: Robe              ||    42
Dodge: Dodged            ||   118

Table legend: (Time is in decaauts)
 A = Elapsed time spent in this place.
 B = Non-inter-level travel time spent in this place.
 C = Inter-level travel time spent in this place.
 D = Time resting spent in this place.
 E = Time spent auto-exploring this place.
 F = Levels seen in this place.
 G = Mean time per level.
                   A        B        C        D        E       F      G
               +--------+--------+--------+--------+--------+-----+--------+
         Total |   2744 |   2648 |     96 |    599 |   1668 |   3 |  914.7 |
       Dungeon |   2744 |   2648 |     96 |    599 |   1668 |   3 |  914.7 |
               +--------+--------+--------+--------+--------+-----+--------+

Top non-repeatable levels by time:
     D:1: 1575 daAuts
     D:2: 898 daAuts
     D:3: 270 daAuts
